 Dungeon Crawl Stone Soup version 0.28.0-53-g5a82cb258f (webtiles) character file.

Game seed: 2852199280643903278

16159 kudzoo the Grappler (level 12, -8/103 HPs)
             Began as a Troll Hunter on July 31, 2022.
             Was a High Priest of Okawaru.
             Mangled by an orc warrior
             ... wielding a +0 halberd
              (26 damage)
             ... on level 2 of the Orcish Mines.
             The game lasted 02:56:35 (10125 turns).

kudzoo the Grappler (Troll Hunter)                 Turns: 10125, Time: 02:56:36

Health: -8/103     AC:  7    Str: 23    XL:     12   Next: 7%
Magic:  2/6        EV: 11    Int:  7    God:    Okawaru [*****.]
Gold:   1300       SH:  0    Dex: 14    Spells: 13/13 levels left

rFire   . . .      SeeInvis .     - Unarmed
rCold   . . .      Faith    .   (no shield)
rNeg    + . .      Spirit   .   C - +1 robe "Dos Nuo" {+Blink rElec rPois MP-9}
rPois   +          Reflect  .   S - +1 hat
rElec   +          Harm     .   x - +0 cloak
rCorr   +          Rampage  .   (gloves unavailable)
Will    .....                   (boots unavailable)
Stlth   ++........              O - amulet of the acrobat
HPRegen 1.07/turn               b - ring of resist corrosion
MPRegen 0.10/turn               B - ring of positive energy

@: finesse-ful, hasted, very quick
A: large, unfitting armour, claws 3, regeneration 1, shaggy fur 1, tough skin 1,
hooves 1, frail 1
a: Renounce Religion, Evoke Blink, Heroism, Finesse, Duel


You were on level 2 of the Orcish Mines.
You worshipped Okawaru.
Okawaru was extremely pleased with you.
You visited 3 branches of the dungeon, and saw 15 of its levels.
You also visited: Gauntlet.

You collected 1300 gold pieces.

Inventory:

Hand Weapons
 a - a +0 fustibalus
 m - a +0 shortbow of flaming
 t - a +2 flail of protection
 y - a +0 giant club
 K - the +8 rapier of the Harvest {venom, rPois Int+2}
   (You found it on level 2 of the Lair of Beasts)

   It poisons the flesh of those it strikes.
   Int:       It affects your intelligence (+2).
   rPois:     It protects you from poison.
 P - a +1 whip of flaming
 V - a +3 morningstar
 W - a +4 hand axe
Missiles
 c - 18 large rocks (quivered)
 d - 3 throwing nets
 g - 204 stones
 k - 234 arrows
 v - 19 bolts
 L - 13 boomerangs
 N - 37 sling bullets
 R - 11 poisoned darts
 X - 2 javelins
Armour
 e - a +0 kite shield
 x - a +0 cloak (worn)
 C - the +1 robe "Dos Nuo" (worn) {+Blink rElec rPois MP-9}
   (Okawaru gifted it to you on level 2 of the Orcish Mines)

   rElec:     It insulates you from electricity.
   rPois:     It protects you from poison.
   MP:        It affects your magic capacity (-9).
   +Blink:    It lets you blink.
 G - +0 swamp dragon scales
 S - a +1 hat (worn)
Jewellery
 b - a ring of resist corrosion (left claw)
 B - a ring of positive energy (right claw)
 O - an amulet of the acrobat (around neck)
Wands
 i - a wand of acid (3)
 j - a wand of iceblast (2)
 E - a wand of paralysis (13)
 M - a wand of flame (8)
Scrolls
 n - 4 scrolls of teleportation
 r - a scroll of silence {unknown}
 w - a scroll of enchant weapon {unknown}
 A - 2 scrolls of fear
 D - 2 scrolls of fog
 J - 2 scrolls of blinking
 Q - a scroll of magic mapping
 Y - a scroll of immolation
Potions
 l - 3 potions of berserk rage
 o - 4 potions of brilliance
 p - a potion of resistance
 q - a potion of cancellation
 s - 3 potions of curing
 u - 2 potions of magic
 z - a potion of haste
 H - a potion of flight
 I - 2 potions of might
 U - a potion of lignification {unknown}
 Z - a potion of invisibility


   Skills:
 * Level 6.7 Fighting
 + Level 1.4(2.1) Axes
 + Level 1.6(2.0) Maces & Flails
 + Level 1.7(2.0) Polearms
 + Level 7.8 Throwing
 + Level 5.2 Armour
 + Level 4.2 Dodging
 - Level 1.0 Stealth
 + Level 1.4 Shields
 + Level 11.1 Unarmed Combat
 + Level 1.0 Spellcasting
 + Level 1.2 Conjurations
 + Level 1.5 Necromancy
 + Level 1.2 Translocations
 + Level 1.2 Transmutations
 + Level 1.2 Fire Magic
 + Level 1.2 Ice Magic
 + Level 1.6 Earth Magic
 + Level 1.2 Poison Magic
 * Level 5.9 Invocations
 * Level 1.5 Evocations


You had 13 spell levels left.
You didn't know any spells.
Your spell library contained the following spells:

 Spells                   Type           Power      Damage    Failure   Level
 Shock                    Conj/Air       4%         1d3       32%         1
 Passwall                 Tmut/Erth      1%         N/A       34%         2
 Ensorcelled Hibernation  Hex/Ice        2%         N/A       45%         2
 Swiftness                Air            0%         N/A       77%         3
 Petrify                  Tmut/Erth      2%         N/A       93%         4
 Airstrike                Air            0%         N/A       99%         4
 Metabolic Englaciation   Hex/Ice        0%         N/A       100%        5
 Statue Form              Tmut/Erth      1%         N/A       100%        6


Dungeon Overview and Level Annotations

Branches:
Dungeon (11/15)              Lair (2/6) D:10          Snake (0/4) Lair:2
    Orc (2/2) D:11            Elf (0/3) Orc:2       Gauntlet (visited)
 Temple: D:4-7        Swamp: Lair:2-4    Shoals: Lair:2-4

Altars:
Cheibriados
Fedhas
Kikubaaqudgha
Makhleb
Nemelex Xobeh
Okawaru
Ru
Uskayaw
Vehumet
Wu Jian
Yredelemnul
Zin
The Shining One
Beogh

Shops:
D:4 [   D:8 (   D:11 [

Annotations:
D:6 1 runed translucent door, Crazy Yiuf
D:7 2 transporters


Innate Abilities, Weirdness & Mutations

You are too large for most types of armour.
You have claws for hands.
Your natural rate of healing is unusually fast.
You are covered in fur. (AC +1)
You have tough skin. (AC +1)
You have large cloven feet.
You are frail. (-10% HP)


Message History

Aim: an orc knight, wielding a +0 long sword and wearing a +0 plate armour (heavily wounded, 65% to hit)
You throw a large rock. Okawaru accepts your kill.
Reactivating autopickup.
You feel a bit more experienced.
The orc priest no longer looks unusually strong.
The orc no longer looks unusually strong.
The orc warrior hits you from afar with a +0 halberd!!
You scratch the orc knight.
You kick the orc knight, but do no damage.
The orc knight is heavily wounded.
The orc knight hits you with a +0 long sword.
The orc warrior hits you from afar with a +0 halberd!
* * * LOW HITPOINT WARNING * * *
An orc priest comes into view. It is wielding a +0 dagger.
You feel much better.
The orc knight roars a battlecry!
The orcs go into a battle-frenzy!
The orc warrior barely misses you.
You scratch the orc knight. Your kick misses the orc knight.
You claw the orc knight.
The orc knight is severely wounded.
You claw the orc knight! Your kick misses the orc knight.
The orc knight is almost dead.
The orc priest calls upon Beogh to heal the orc knight.
The orc knight is healed somewhat.
You closely miss the orc knight. You kick the orc knight.
The orc knight is almost dead.
The orc knight barely misses you.
The orc warrior hits you from afar with a +0 halberd!
* * * LOW HITPOINT WARNING * * *
The orc priest mumbles some strange prayers to Beogh against you.
Beogh smites you!
* * * LOW HITPOINT WARNING * * *
You closely miss the orc knight.
You kick the orc knight, but do no damage.
The orc knight is almost dead.
You feel yourself speed up. The orc knight barely misses you.
The orc warrior hits you from afar with a +0 halberd!!
You die...

#..............#.##.o..
##.............^..#(...
#...........#....#.....
##....#..........(.....
#............[..o...##....#
##.........)..............#
#..........[<..............
##.......o#ooo.............
##.#...#.@##.........>....
###......................
#......................#
##.#.###..#.............
##### #####............
#...........#.
#............#.
##.............
..#..#....##...


You could see an orc knight, an orc warrior (strong), an orc priest (strong) and
2 orcs.

Vanquished Creatures
  2 hydras
  4 two-headed ogres
  Pikel (D:7)
  An orc knight (Orc:2)
  An orc sorcerer (Orc:2)
  An ugly thing (D:9)
  A salamander (Lair:2)
  An unseen horror (D:11)
  Maggie (D:6)
  A kobold demonologist (D:11)
  A komodo dragon (D:11)
  2 trolls
  2 hornets
  A wraith (D:10)
  A wyvern (D:9)
  5 yaks (D:10)
  Menkaure (D:4)
  5 water moccasins
  2 ice beasts
  A sky beast (D:7)
  9 orc warriors
  A hornet zombie (D:7)
  A black bear (D:7)
  3 ogres
  A necrophage (D:5)
  A centaur (D:5)
  A phantom (D:5)
  A lemure (D:6)
  8 bullfrogs
  2 gnoll sergeants
  2 scorpions
  A wyvern zombie (D:4)
  4 killer bees (D:11)
  6 wights
  6 howler monkeys
  A bullfrog zombie (D:6)
  A centaur zombie (D:10)
  2 hounds
  12 orc priests
  A gnoll shaman (D:7)
  2 iguanas
  11 orc wizards
  A howler monkey zombie (D:10)
  An adder (D:3)
  14 gnolls
  2 worms
  A dart slug (D:5)
  47 orcs
  5 ball pythons
  5 bats
  8 endoplasms
  3 giant cockroaches
  4 goblins
  4 hobgoblins
  6 quokkas
  3 frilled lizards (D:2)
  4 kobolds
  10 rats
230 creatures vanquished.

Vanquished Creatures (others)
  3 fungi
  21 plants
24 creatures vanquished.

Grand Total: 254 creatures vanquished

Notes
Turn   | Place    | Note
-------+----------+-------------------------------------------
     0 | D:1      | kudzoo the Troll Hunter began the quest for the Orb.
     0 | D:1      | Reached XP level 1. HP: 19/19 MP: 0/0
   251 | D:2      | Reached XP level 2. HP: 28/28 MP: 1/1
   461 | D:2      | Reached XP level 3. HP: 35/35 MP: 2/2
   527 | D:3      | Found a faded altar of an unknown god.
   587 | D:3      | Reached skill level 1 in Unarmed Combat
   756 | D:3      | Noticed a +0 dagger
   757 | D:3      | Noticed a +0 spear
   757 | D:3      | Noticed a +0 short sword
   896 | D:4      | Reached skill level 2 in Unarmed Combat
   896 | D:4      | Reached XP level 4. HP: 38/42 MP: 3/3
   940 | D:3      | Found a radiant altar of Vehumet.
   940 | D:3      | Found an ancient bone altar of Kikubaaqudgha.
   966 | D:4      | Noticed Menkaure
  1161 | D:3      | Found a hide-covered altar of Uskayaw.
  1161 | D:3      | Noticed a +0 dagger
  1162 | D:3      | Noticed a +0 short sword
  1162 | D:3      | Noticed a +0 falchion
  1163 | D:3      | Noticed a +0 spear
  1163 | D:3      | Noticed a +0 falchion
  2190 | D:2      | Reached XP level 5. HP: 47/49 MP: 4/4
  2313 | D:4      | Reached skill level 3 in Unarmed Combat
  2340 | D:4      | Killed Menkaure
  2341 | D:4      | Reached skill level 4 in Unarmed Combat
  2341 | D:4      | Reached XP level 6. HP: 22/59 MP: 5/5
  2364 | D:4      | Reached skill level 1 in Stealth
  2370 | D:4      | Found Erghockun's Armour Shop.
  2379 | D:4      | Found an iron altar of Okawaru.
  2387 | D:4      | Became a worshipper of Warmaster Okawaru
  2408 | D:4      | Found a snail-covered altar of Cheibriados.
  2445 | D:4      | Found a blossoming altar of Fedhas.
  2515 | D:5      | Entered Level 5 of the Dungeon
  2631 | D:5      | Reached skill level 5 in Unarmed Combat
  2671 | D:5      | Reached XP level 7. HP: 51/66 MP: 6/6
  2730 | D:5      | Reached * piety under Okawaru
  2731 | D:5      | Reached skill level 6 in Unarmed Combat
  2787 | D:5      | Found an ornate altar of the Wu Jian Council.
  2801 | D:5      | Reached skill level 5 in Throwing
  3138 | D:5      | Reached XP level 8. HP: 75/75 MP: 7/7
  3405 | D:7      | Found a glowing silver altar of Zin.
  3501 | D:6      | Reached skill level 7 in Unarmed Combat
  3580 | D:7      | Found a transporter.
  3581 | D:7      | Found a transporter.
  3670 | D:6      | Found a runed translucent door.
  3671 | D:6      | Noticed Crazy Yiuf
  3819 | D:7      | Noticed Pikel
  3940 | D:6      | Found a sacrificial altar of Ru.
  4162 | D:6      | Noticed Maggie
  4169 | D:6      | Killed Maggie
  4170 | D:6      | Reached skill level 1 in Armour
  4257 | D:6      | Noticed a hornet
  4260 | D:6      | Killed a hornet
  4260 | D:6      | Reached ** piety under Okawaru
  4399 | D:7      | Killed Pikel
  4400 | D:7      | Reached skill level 8 in Unarmed Combat
  4400 | D:7      | Reached skill level 1 in Invocations
  4400 | D:7      | Reached XP level 9. HP: 78/84 MP: 5/9
  4488 | D:8      | Found a sparkling altar of Nemelex Xobeh.
  4685 | D:8      | Reached *** piety under Okawaru
  4689 | D:8      | Found Qosi's Hydra Hut.
  4689 | D:8      | Noticed a five-headed hydra
  4782 | D:7      | Reached skill level 5 in Fighting
  4782 | D:7      | Reached skill level 1 in Axes
  4782 | D:7      | Reached skill level 1 in Maces & Flails
  4782 | D:7      | Reached skill level 1 in Polearms
  4782 | D:7      | Reached skill level 1 in Shields
  4782 | D:7      | Reached skill level 9 in Unarmed Combat
  4782 | D:7      | Reached skill level 1 in Spellcasting
  4782 | D:7      | Reached skill level 1 in Conjurations
  4782 | D:7      | Reached skill level 1 in Necromancy
  4782 | D:7      | Reached skill level 1 in Translocations
  4782 | D:7      | Reached skill level 1 in Transmutations
  4782 | D:7      | Reached skill level 1 in Fire Magic
  4782 | D:7      | Reached skill level 1 in Ice Magic
  4782 | D:7      | Reached skill level 1 in Earth Magic
  4782 | D:7      | Reached skill level 1 in Poison Magic
  4782 | D:7      | Reached skill level 1 in Evocations
  4782 | D:7      | Reached XP level 10. HP: 96/96 MP: 9/11
  4789 | D:7      | Gained mutation: You are frail. (-10% HP) [potion of
                  | mutation]
  4789 | D:7      | Gained mutation: You have large cloven feet. [potion of
                  | mutation]
  4844 | D:7      | Noticed an ogre mage
  5603 | D:10     | Entered Level 10 of the Dungeon
  5675 | D:10     | Found a glowing golden altar of the Shining One.
  5824 | D:9      | Found a burning altar of Makhleb.
  5863 | D:9      | Noticed a two-headed ogre
  5877 | D:9      | Killed a two-headed ogre
  5877 | D:9      | Received a gift from Okawaru
  5998 | D:10     | Noticed a two-headed ogre
  6003 | D:10     | Killed a two-headed ogre
  6003 | D:10     | Reached **** piety under Okawaru
  6021 | D:10     | Reached XP level 11. HP: 92/93 MP: 13/13
  6174 | D:10     | Found a basalt altar of Yredelemnul.
  6233 | D:10     | Found a staircase to the Lair.
  6285 | Lair:1   | Entered Level 1 of the Lair of Beasts
  6507 | D:9      | Noticed a two-headed ogre
  6523 | D:9      | Killed a two-headed ogre
  6524 | D:9      | Reached skill level 10 in Unarmed Combat
  6674 | D:9      | Noticed a green ugly thing
  6775 | D:9      | Killed a green ugly thing
  6776 | D:9      | Reached skill level 5 in Invocations
  6809 | D:9      | Received a gift from Okawaru
  8261 | Lair:2   | Identified the +8 rapier of the Harvest {venom, rPois
                  | Int+2}
  8269 | Lair:2   | Found a staircase to the Snake Pit.
  8299 | Lair:2   | Found a gate leading to a gauntlet.
  8308 | Gauntlet | Entered a Gauntlet
  8308 | Gauntlet | Found a transporter.
  8319 | Gauntlet | Found a transporter.
  8335 | Gauntlet | Found a transporter.
  8337 | Gauntlet | Noticed a fire crab
  8341 | Gauntlet | Found a transporter.
  8358 | Gauntlet | Found a transporter.
  8378 | Gauntlet | Found a transporter.
  8387 | Gauntlet | Found a transporter.
  8387 | Gauntlet | Noticed a dire elephant
  8402 | Gauntlet | Found a transporter.
  8409 | Gauntlet | Noticed a green death
  8410 | Gauntlet | Noticed a blizzard demon
  8414 | Gauntlet | Found a transporter.
  8426 | Gauntlet | Found a transporter.
  8443 | Gauntlet | Found a transporter.
  8460 | Gauntlet | Found a transporter.
  8462 | Gauntlet | Found a transporter.
  8464 | Gauntlet | Found a runed translucent gate.
  8464 | Gauntlet | Found a runed translucent gate.
  8464 | Gauntlet | Found a runed translucent gate.
  8471 | Gauntlet | Found a large runed translucent door.
  8471 | Gauntlet | Found a large runed translucent door.
  8471 | Gauntlet | Found a large runed translucent door.
  8471 | Gauntlet | Found a large runed translucent door.
  8472 | Gauntlet | Found a large runed translucent door.
  8472 | Gauntlet | Found a large runed translucent door.
  8474 | Gauntlet | Found a large runed translucent door.
  8474 | Gauntlet | Found a large runed translucent door.
  8475 | Gauntlet | Found a large runed translucent door.
  8475 | Gauntlet | Found a large runed translucent door.
  8475 | Gauntlet | Found a runed translucent door.
  8475 | Gauntlet | Found a runed translucent door.
  8476 | Gauntlet | Found a large runed translucent door.
  8477 | Gauntlet | Found a large runed translucent door.
  8494 | Gauntlet | Found a large runed translucent door.
  8494 | Gauntlet | Found a large runed translucent door.
  8495 | Gauntlet | Found a large runed translucent door.
  8496 | Gauntlet | Found a large runed translucent door.
  8496 | Gauntlet | Found a transporter.
  8498 | Gauntlet | Found a transporter.
  8500 | Gauntlet | Found a transporter.
  8530 | Gauntlet | Found a transporter.
  8532 | Gauntlet | Found a transporter.
  8698 | Lair:1   | Noticed a four-headed hydra
  8703 | Lair:1   | Killed a four-headed hydra
  8794 | D:11     | Noticed a boulder beetle
  8882 | D:11     | Reached ***** piety under Okawaru
  8885 | D:11     | Noticed a two-headed ogre
  8893 | D:11     | Killed a two-headed ogre
  9100 | D:11     | Found a staircase to the Orcish Mines.
  9101 | D:11     | Found Olahid's Armour Emporium.
  9129 | D:11     | Noticed a seven-headed hydra
  9139 | D:11     | Killed a seven-headed hydra
  9173 | Orc:1    | Entered Level 1 of the Orcish Mines
  9194 | D:11     | Reached skill level 5 in Armour
  9365 | Orc:2    | Entered Level 2 of the Orcish Mines
  9378 | Orc:2    | Found a staircase to the Elven Halls.
  9496 | Orc:2    | Identified the +1 robe "Dos Nuo" {+Blink rElec rPois MP-9}
                  | (Okawaru gifted it to you on level 2 of the Orcish Mines)
  9496 | Orc:2    | Received a gift from Okawaru
  9829 | Orc:2    | Reached XP level 12. HP: 35/103 MP: 6/15
  9968 | Orc:2    | Reached skill level 11 in Unarmed Combat
  9971 | Orc:2    | Paralysed by an orc sorcerer for 3 turns
 10125 | Orc:2    | Mangled by an orc warrior

Illustrated notes

Levels and vault maps discovered:
D:1:      minmay_arrival_four_circles, layout_basic, minmay_rat_gold_closets
D:2:      layout_basic
D:3:      layout_loops_ring, nicolae_overflow_hidden_temple,
          nicolae_uskayaw_en_pointe, shapermc_ecumenical_altar_petra
D:4:      layout_cave_pools, kennysheep_mini_moat,
          mainiacjoe_overflow_surrounded_room, lemuel_round_altar,
          minmay_temple_entry_fiery, serial_shops, shop, uniq_menkaure
D:5:      layout_loops_ring, nicolae_overflow_crystal_walls
D:6:      layout_gridville, nicolae_ru_the_path_less_chosen, uniq_maggie,
          uniq_crazy_yiuf_cottage
D:7:      gammafunk_beogh_shrine, layout_loops_corners, zin_academy, uniq_pikel
D:8:      layout_layer_cave, mainiacjoe_overflow_six_doors_small,
          doesnt_shop_hydraphobe
D:9:      layout_basic, lemuel_doored_altar, chequers_serial_rivers_large_b
D:10:     layout_basic, lemuel_crystal_altar,
          mainiacjoe_overflow_small_starburst, dpeg_oklobed_lair
D:11:     layout_gridville, orc_david_3, serial_bayou, serial_bayou_pond_b,
          serial_bayou_pond_a, serial_bayou_lake_a, serial_bayou_pond_a,
          serial_bayou_pond_c, serial_bayou_pond_d
Lair:1:   layout_layer_cave, small_statue_intersection, grunt_megastairs_2
Lair:2:   layout_gridlike, dummy_snake_entry, gauntlet_entry_generic,
          grunt_megastairs_4
Orc:1:    layout_caves
Orc:2:    grunt_orc_tribal_feast, layout_caves

Skill      XL: |  1  2  3  4  5  6  7  8  9 10 11 12 |
---------------+-------------------------------------+-----
Throwing       | 4 5 6 7 |  7.8
Unarmed Combat | 2 4 5 6 8 9 10 11 | 11.1
Fighting       | 2 3 4 5 6 |  6.7
Dodging        | 2 3 4 |  4.2
Stealth        | 1 |  1.0
Armour         | 2 3 5 |  5.2
Invocations    | 1 3 4 5 |  5.9
Axes           | 1 |  1.4
Maces & Flails | 1 |  1.6
Polearms       | 1 |  1.7
Shields        | 1 |  1.4
Spellcasting   | 1 |  1.0
Conjurations   | 1 |  1.2
Necromancy     | 1 |  1.5
Translocations | 1 |  1.2
Transmutations | 1 |  1.2
Fire Magic     | 1 |  1.2
Ice Magic      | 1 |  1.2
Earth Magic    | 1 |  1.6
Poison Magic   | 1 |  1.2
Evocations     | 1 |  1.5

Action                   |  1- 3 |  4- 6 |  7- 9 | 10-12 || total
-------------------------+-------+-------+-------+-------++-------
Melee: Unarmed           |    97 |    94 |   126 |   360 ||   677
       Punch             |     2 |     5 |     8 |    24 ||    39
       Kick              |       |       |       |   112 ||   112
Throw: Large rock        |       |     8 |    20 |    68 ||    96
       Throwing net      |       |     1 |       |       ||     1
Invok: Heroism           |       |       |     3 |     3 ||     6
       Finesse           |       |       |       |     3 ||     3
  Use: Potion            |       |       |     2 |     3 ||     5
       Scroll            |       |       |     1 |    18 ||    19
 Stab: Sleeping          |     2 |     2 |       |       ||     4
Armor: Robe              |    26 |     5 |     9 |     5 ||    45
       Swamp dragon scal |       |       |    27 |   116 ||   143
Dodge: Dodged            |    57 |    30 |    49 |   145 ||   281
